 Dungeon Crawl Stone Soup version 0.31-a0-66-ge618eeaa78 (webtiles) character file.

Game seed: 7291682842807970094

1787 Strat the Cleaver (level 8, -4/73 HPs)
             Began as a Minotaur Fighter on May 22, 2023.
             Was an Initiate of Makhleb.
             Slain by a yak (8 damage)
             ... on level 6 of the Dungeon.
             The game lasted 00:06:21 (5647 turns).

Strat the Cleaver (Minotaur Fighter)                Turns: 5647, Time: 00:06:22

Health: -4/73      AC: 10    Str: 23    XL:     8   Next: 82%
Magic:  7/7        EV:  8    Int:  5    God:    Makhleb [......]
Gold:   285        SH:  5    Dex: 10    Spells: 7/7 levels left

rFire   . . .        a - +0 war axe
rCold   . . .        c - +0 buckler
rNeg    . . .        p - +0 chain mail
rPois   .            (helmet restricted)
rElec   .            (no cloak)
rCorr   .            (no gloves)
SInv    .            (no boots)
Will    +....        (no amulet) Stlth
                     f - ring of willpower
HPRegen 0.32/turn    (no ring)
MPRegen 0.10/turn

%: no passive effects
@: mighty
A: horns 2, retaliatory headbutt
a: Renounce Religion


You were on level 6 of the Dungeon.
You worshipped Makhleb.
Makhleb was noncommittal.
You visited 2 branches of the dungeon, and saw 7 of its levels.

You collected 321 gold pieces.
You spent 36 gold pieces at shops.

Inventory:

Hand Weapons
 a - a +0 war axe (weapon)
Missiles
 v - a throwing net (quivered)
Armour
 b - a +0 scale mail
 c - a +0 buckler (worn)
 p - a +0 chain mail (worn)
Jewellery
 f - a ring of willpower (left hand)
 k - a +6 ring of intelligence
 y - a ring of fire
Wands
 u - a wand of mindburst (12)
 B - a wand of digging (3)
 C - a wand of paralysis (13)
Scrolls
 e - a scroll of brand weapon {unknown}
 h - a scroll of noise {unknown}
 i - 7 scrolls of identify {unknown}
 m - a scroll of fear {unknown}
 n - 3 scrolls of vulnerability {unknown}
 o - a scroll of enchant armour {unknown}
 q - a scroll of acquirement {unknown}
 r - a scroll of teleportation {unknown}
 s - a scroll of silence {unknown}
 z - a scroll of immolation {unknown}
Potions
 d - a potion of might
 g - 2 potions of cancellation {unknown}
 j - 3 potions of lignification {unknown}
 l - 2 potions of curing
 t - a potion of mutation {unknown}
 w - a potion of degeneration {unknown}
 x - 2 potions of brilliance {unknown}
 A - a potion of magic {unknown}
 D - a potion of heal wounds {unknown}


   Skills:
 + Level 7.5 Fighting
 * Level 9.6 Axes
 + Level 7.6 Armour
 - Level 5.0 Shields


You had 7 spell levels left.
You didn't know any spells.
Your spell library contained the following spells:

 Spells                   Type           Power      Damage    Failure   Level
 Slow                     Hex            0%         N/A       97%         1
 Sublimation of Blood     Necr           0%         N/A       99%         2
 Confusing Touch          Hex            0%         N/A       100%        3
 Vampiric Draining        Necr           0%         2d6       100%        3
 Petrify                  Tmut/Erth      0%         N/A       100%        4
 Irradiate                Conj/Tmut      0%         3d11      100%        5
 Iskenderun's Battlesphe  Conj           0%         2d6       100%        5
 Iron Shot                Conj/Erth      0%         9d1       100%        6
 Spellforged Servitor     Conj/Summ      0%         N/A       100%        7


Dungeon Overview and Level Annotations

Branches:
Dungeon (6/15)             Temple (1/1) D:5

Altars:
Ashenzari
Dithmenos
Kikubaaqudgha
Makhleb
Ru
Trog
Uskayaw
Wu Jian
Yredelemnul

Shops:
D:2 !(=   D:3 [   D:4 [(:


Innate Abilities, Weirdness & Mutations

You have a pair of horns on your head.
You reflexively headbutt those who attack you in melee.


Message History

The yak is severely wounded.
The yak gores you!
* * * LOW HITPOINT WARNING * * *
The yak gores you!
* * * LOW HITPOINT WARNING * * *
You hit the yak.
The yak is almost dead.
You block the yak's attack.
You slash the yak!
You kill the yak!
Makhleb accepts your kill.
You hit the yak but do no damage. Your headbutt misses the yak.
The yak gores you!
* * * LOW HITPOINT WARNING * * *
You hit the yak. Your headbutt misses the yak.
The yak is lightly wounded.
The yak gores you but does no damage.
You hit the yak.
The yak is lightly wounded.
The yak gores you!
* * * LOW HITPOINT WARNING * * *
You feel very mighty all of a sudden. The yak gores you!
* * * LOW HITPOINT WARNING * * *
Okay, then.
You barely miss the yak. You headbutt the yak!
The yak is heavily wounded.
The yak gores you but does no damage.
You hit the yak but do no damage. You headbutt the yak!
The yak is severely wounded.
The yak gores you.
* * * LOW HITPOINT WARNING * * *
You feel better. The yak gores you!
* * * LOW HITPOINT WARNING * * *
You feel better. The yak gores you.
* * * LOW HITPOINT WARNING * * *
You barely miss the yak.
The yak is severely wounded.
The yak gores you!
You die...

#..≈≈..##......#............
#..≈≈..#..._...#............
##..≈≈..##......#............
###.YY##'..###....#...[........
#....#..#....###.##............
YY....##..##.......#............#
....## #...###....##....##.....##
### ###...######..###########
###YYYY@...## ##########


You could see 4 yaks.

Vanquished Creatures
  A hornet (D:5)
  2 yaks (D:6)
  An ice beast (D:6)
  A black bear (D:4)
  A centaur (D:6)
  An ogre (D:6)
  A bullfrog (D:6)
  3 scorpions
  An orc priest (D:6)
  3 hounds (D:5)
  3 jellies
  2 gnoll boudas
  5 iguanas
  2 orc wizards
  Ijyb (D:4)
  10 gnolls
  6 adders
  A white imp (D:5)
  2 ufetubi (D:5)
  11 dart slugs
  13 orcs
  7 endoplasms
  2 giant cockroaches
  5 goblins
  3 hobgoblins
  3 quokkas
  6 ball pythons
  2 bats
  2 frilled lizards (D:3)
  7 kobolds
  7 rats
115 creatures vanquished.

Notes
Turn   | Place    | Note
-------+----------+-------------------------------------------
     0 | D:1      | Strat the Minotaur Fighter began the quest for the Orb.
     0 | D:1      | Reached XP level 1. HP: 19/19 MP: 0/0
   209 | D:1      | Found a faded altar of an unknown god.
   288 | D:1      | Reached XP level 2. HP: 27/27 MP: 1/1
   437 | D:2      | Found Hokurghi's Jewellery Shop.
   710 | D:2      | Found Halu's Distillery.
   717 | D:2      | Bought a potion of curing for 36 gold pieces
   758 | D:2      | Found Isixun's Antique Weapon Boutique.
   825 | D:2      | Reached skill level 3 in Axes
  1390 | D:3      | Reached XP level 3. HP: 33/33 MP: 2/2
  1449 | D:3      | Found Ilachy's Armour Shoppe.
  2218 | D:3      | Reached XP level 4. HP: 23/40 MP: 3/3
  2685 | D:4      | Found Tele's Antique Armour Shop.
  2832 | D:4      | Reached skill level 4 in Axes
  2890 | D:4      | Noticed Ijyb
  2905 | D:4      | Killed Ijyb
  2914 | D:4      | Found Dimehy's Book Boutique.
  2941 | D:4      | Reached XP level 5. HP: 47/47 MP: 4/4
  2957 | D:4      | Noticed a black bear
  2975 | D:4      | Killed a black bear
  3108 | D:4      | Reached skill level 5 in Axes
  3133 | D:4      | Reached XP level 6. HP: 41/55 MP: 5/5
  3145 | D:4      | Reached skill level 5 in Armour
  3258 | D:4      | Found a shadowy altar of Dithmenos.
  3346 | D:4      | Reached skill level 5 in Fighting
  3347 | D:4      | Reached skill level 5 in Shields
  3571 | D:4      | Found Kubeh's Antique Weapon Shoppe.
  4037 | D:5      | Entered Level 5 of the Dungeon
  4041 | D:5      | Reached skill level 6 in Axes
  4142 | D:5      | Reached XP level 7. HP: 61/61 MP: 6/6
  4353 | D:5      | Noticed a hornet
  4364 | D:5      | Killed a hornet
  4365 | D:5      | Reached skill level 7 in Axes
  4449 | D:5      | Found a hide-covered altar of Uskayaw.
  4471 | D:5      | Found an ancient bone altar of Kikubaaqudgha.
  4572 | D:5      | Found a staircase to the Ecumenical Temple.
  4581 | Temple   | Entered the Ecumenical Temple
  4591 | Temple   | Became a worshipper of Makhleb the Destroyer
  4731 | D:6      | Reached XP level 8. HP: 21/71 MP: 7/7
  4908 | D:6      | Found an ornate altar of the Wu Jian Council.
  4962 | D:6      | Reached skill level 8 in Axes
  5399 | D:6      | Reached skill level 9 in Axes
  5590 | D:6      | Found a basalt altar of Yredelemnul.
  5644 | D:6      | HP: 1/73 [yak (5)]
  5647 | D:6      | Slain by a yak

Illustrated notes

Levels and vault maps discovered:
D:1:      scummos_arrival_forest, layout_rooms,
          shapermc_ecumenical_altar_mp_highgroup
D:2:      layout_basic, serial_shops, shop, shop, nicolae_shop_peninsula
D:3:      kennysheep_slugbush, layout_basic, serial_shops, shop,
          serial_co_window_serial, co_window_corner_a,
          co_window_of_opportunity_a, co_window_corner_a,
          co_window_of_opportunity_a, co_window_corner_a, co_window_corner_b,
          co_window_of_opportunity_b, co_window_paths_c, co_window_corner_b,
          co_window_cross_3, co_window_corner_cb, co_window_broadway_a,
          co_window_4corner_a, glass_columns_a
D:4:      kennysheep_big_flooded_room, layout_basic,
          mainiacjoe_overflow_catwalk, serial_shops, nicolae_shop_crystal,
          nicolae_shop_peninsula, shop, minmay_unequal, uniq_ijyb
D:5:      layout_rooms, mainiacjoe_overflow_chevrons, kennysheep_mini,
          minmay_temple_entry_nine_rooms, palyth_stone_intersect
D:6:      layout_rooms, overflow_temple_1_default, mainiacjoe_overflow_two_lobes
Temple:   hc_temple_tempest_star

Skill      XL: |  1  2  3  4  5  6  7  8 |
---------------+-------------------------+-----
Axes           | 3 4 5 6 7 9 |  9.6
Armour         | 4 5 6 7 |  7.6
Fighting       | 4 5 6 7 |  7.5
Shields        | 4 5 |  5.0

Action                     |  1- 3 |  4- 6 |  7- 9 || total
---------------------------+-------+-------+-------++-------
  Melee: War axe           |    84 |    89 |   125 ||   298
         Headbutt          |    18 |    16 |    19 ||    53
    Use: Potion            |       |       |     4 ||     4
 Armour: Scale mail        |    39 |       |       ||    39
         Chain mail        |     6 |    40 |    52 ||    98
  Dodge: Dodged            |    30 |    35 |    53 ||   118
  Block: Buckler           |    16 |    31 |    34 ||    81

Table legend: (Time is in decaauts)
 A = Elapsed time spent in this place.
 B = Non-inter-level travel time spent in this place.
 C = Inter-level travel time spent in this place.
 D = Time resting spent in this place.
 E = Time spent auto-exploring this place.
 F = Levels seen in this place.
 G = Mean time per level.
                   A        B        C        D        E       F      G
               +--------+--------+--------+--------+--------+-----+--------+
         Total |   5728 |   5619 |    109 |      0 |   4704 |   7 |  818.3 |
       Dungeon |   5710 |   5607 |    103 |      0 |   4704 |   6 |  951.7 |
        Temple |     17 |     11 |      6 |      0 |      0 |   1 |   17.0 |
               +--------+--------+--------+--------+--------+-----+--------+

Top non-repeatable levels by time:
     D:4: 1479 daAuts
     D:3: 1303 daAuts
     D:6: 938 daAuts
     D:2: 875 daAuts
     D:5: 672 daAuts
     D:1: 443 daAuts
  Temple: 17 daAuts
